 Dungeon Crawl Stone Soup version 0.31-a0-102-g33a4ccc0cb (console) character file.

Game seed: 6582042249100375843

350 jejorda2 the Spear-Bearer (level 6, -9/51 HPs)
             Began as a Merfolk Berserker on May 26, 2023.
             Was a Believer of Trog.
             Killed from afar by an orc wizard (12 damage)
             ... with a magic dart
             ... on level 3 of the Dungeon.
             The game lasted 00:05:28 (1878 turns).

jejorda2 the Spear-Bearer (Merfolk Berserker)       Turns: 1878, Time: 00:05:31

Health: -9/51      AC:  4    Str: 19    XL:     6   Next: 61%
Magic:  6/6        EV: 12    Int:  6    God:    Trog [**....]
Gold:   22         SH:  0    Dex: 14    Spells: 5/5 levels left

rFire   . . .        a - +0 scythe
rCold   . . .        (shield currently unavailable)
rNeg    . . .        p - +0 leather armour
rPois   .            o - +0 helmet
rElec   .            (no cloak)
rCorr   .            (no gloves)
SInv    .            (no boots)
Will    ++...        l - amulet of faith
Stlth   +            (no ring)
HPRegen 1.28/turn    (no ring)
MPRegen 0.10/turn

%: faith
@: lethally poisoned (-9 -> -14), strong-willed, on berserk cooldown,
attractive, regenerating
A: (nimble swimmer 2), mertail
a: Renounce Religion, Berserk, Trog's Hand


You were on level 3 of the Dungeon.
You worshipped Trog.
Trog was pleased with you.
You visited 1 branch of the dungeon, and saw 3 of its levels.

You collected 64 gold pieces.
You spent 42 gold pieces at shops.

Inventory:

Hand Weapons
 a - a +0 scythe (weapon)
 r - a +0 spear
Missiles
 d - 4 boomerangs (quivered)
 e - 25 stones
Armour
 o - a +0 helmet (worn)
 p - a +0 leather armour (worn)
Jewellery
 h - a ring of ice
 l - an amulet of faith (around neck)
Scrolls
 b - a scroll of noise {unknown}
 c - a scroll of enchant weapon {unknown}
 i - a scroll of identify {unknown}
 j - a scroll of enchant armour {unknown}
 k - a scroll of fear {unknown}
 q - a scroll of amnesia {unknown}


   Skills:
 + Level 5.2 Fighting
 * Level 8.1 Polearms
 - Level 1.3 Armour
 - Level 2.6 Dodging


You had 5 spell levels left.
You didn't know any spells.
Your spell library was empty.

Dungeon Overview and Level Annotations

Branches:
Dungeon (3/15)

Altars:
Ashenzari

Shops:
D:2 !


Innate Abilities, Weirdness & Mutations

((You are very nimble when in or above water. (Stealth+, EV+, Speed+++)))
Your lower body shifts to a powerful aquatic tail in water.


Message History

You kill the orc!
Trog accepts your kill.
The kobold throws a poisoned dart.
You hit something.
The kobold throws a poisoned dart.
Something hits you.
The kobold throws a poisoned dart.
The poisoned dart hits you!
You are poisoned.
Unknown command.
Reach: a) +0 scythe
Press: ? - help, Dir - move target, f - orc
Aim: an orc, wielding a +0 hand axe (about 41% to evade your +0 scythe)
You reach to attack!
You puncture the orc!
You kill the orc!
Trog accepts your kill.
You feel very sick. Something hits you but does no damage.
The kobold throws a poisoned dart.
The poisoned dart hits you!
You are more poisoned.
Unknown command.
Unknown command.
It was a potion of attraction.
You feel attractive to monsters.
You feel yourself speed up.
* * * LOW HITPOINT WARNING * * *
You feel very sick.
The kobold throws a poisoned dart.
The poisoned dart hits you!
You are lethally poisoned!
Something hits you.
* * * LOW HITPOINT WARNING * * *
Something hits you.
* * * LOW HITPOINT WARNING * * *
* * * LOW HITPOINT WARNING * * *
You feel very sick.
Unknown command.
Your skin crawls.
You feel strong-willed.
* * * LOW HITPOINT WARNING * * *
You feel very sick.
You hear some strange, mumbled words.
A magic dart appears from out of thin air!
The magic dart hits you!
You die...

............. .....#.
#######...... ...##.....#....
#...... ...........[....
######..... ...............
#.......... ............###
##......... #............#
#..~~....) #............#
##.~..~.... . #..?..))...@.#
##~~~..~..~~ ...
#....†....{######~~~..~..~..
.....####..####)o...#~~...~.⌠~..
........)...###K....#~~..~..~⌠.~
#............##.....#~~..~..~..~
.............##.....##~...~~..~.
............K.......###.......~
............##......###........
............##......=<#........


There were no monsters in sight!

Vanquished Creatures
  Sigmund (D:2)
  An orc priest (D:3)
  2 orc wizards (D:3)
  Robin (D:2)
  2 adders
  A worm (D:3)
  2 dart slugs
  4 orcs (D:3)
  5 ball pythons
  3 endoplasms
  4 giant cockroaches
  12 goblins (D:2)
  10 hobgoblins
  2 quokkas (D:1)
  2 bats
  5 kobolds
  6 rats
63 creatures vanquished.

Notes
Turn   | Place    | Note
-------+----------+-------------------------------------------
     0 | D:1      | jejorda2 the Merfolk Berserker began the quest for the Orb.
     0 | D:1      | Reached XP level 1. HP: 18/18 MP: 1/1
   383 | D:1      | Reached XP level 2. HP: 24/24 MP: 2/2
   902 | D:2      | Found a broken altar of Ashenzari.
   934 | D:2      | Reached skill level 5 in Polearms
   934 | D:2      | Reached XP level 3. HP: 26/30 MP: 3/3
   997 | D:2      | Noticed Robin
  1020 | D:2      | Killed Robin
  1045 | D:2      | Reached XP level 4. HP: 13/37 MP: 4/4
  1045 | D:2      | Reached ** piety under Trog
  1138 | D:2      | Identified the staff of death "Aledidgh" {rN+ Will+ rCorr
                  | Str+3 Dex+3}
  1333 | D:2      | Found Hihomm's Distillery.
  1336 | D:2      | Bought a potion of curing for 42 gold pieces
  1498 | D:2      | Noticed Sigmund
  1516 | D:2      | Killed Sigmund
  1517 | D:2      | Reached skill level 7 in Polearms
  1517 | D:2      | Reached XP level 5. HP: 43/43 MP: 5/5
  1517 | D:2      | Reached XP level 6. HP: 50/50 MP: 6/6
  1521 | D:2      | Reached skill level 5 in Fighting
  1849 | D:3      | Reached skill level 8 in Polearms
  1868 | D:3      | HP: 2/51 [orc/+0 hand axe (4)]
  1878 | D:3      | Killed from afar by an orc wizard

Illustrated notes

Levels and vault maps discovered:
D:1:      dpeg_arrival_rhombus, layout_basic, minmay_misc_feat_encased,
          hangedman_glass_teeth
D:2:      layout_basic, serial_shops, nicolae_shop_real_fake_doors, basic_altar,
          uniq_robin, uniq_sigmund
D:3:      cheibrodos_helix_gallery, layout_basic, nicolae_vehumet_altar_sigil,
          minmay_misc_feat_cross, uniq_terence

Skill      XL: |  1  2  3  4  5  6 |
---------------+-------------------+-----
Polearms       | 5 7 8 |  8.1
Fighting       | 4 5 |  5.2
Armour         | |  1.3
Dodging        | |  2.6

Action                     |  1- 3 |  4- 6 || total
---------------------------+-------+-------++-------
  Melee: Spear             |   116 |    41 ||   157
         Punch             |     1 |       ||     1
         Halberd           |       |    44 ||    44
 Invoke: Berserk           |     2 |     3 ||     5
         Trog's Hand       |       |     4 ||     4
    Use: Potion            |       |     6 ||     6
   Stab: Sleeping          |       |     1 ||     1
         Distracted        |       |     1 ||     1
 Armour: Animal skin       |    14 |       ||    14
         Leather armour    |       |    25 ||    25
  Dodge: Dodged            |    46 |    59 ||   105

Table legend: (Time is in decaauts)
 A = Elapsed time spent in this place.
 B = Non-inter-level travel time spent in this place.
 C = Inter-level travel time spent in this place.
 D = Time resting spent in this place.
 E = Time spent auto-exploring this place.
 F = Levels seen in this place.
 G = Mean time per level.
                   A        B        C        D        E       F      G
               +--------+--------+--------+--------+--------+-----+--------+
         Total |   1895 |   1838 |     57 |    119 |   1262 |   3 |  631.7 |
       Dungeon |   1895 |   1838 |     57 |    119 |   1262 |   3 |  631.7 |
               +--------+--------+--------+--------+--------+-----+--------+

Top non-repeatable levels by time:
     D:2: 848 daAuts
     D:1: 767 daAuts
     D:3: 280 daAuts
